Map: 机械城 - 天梯版

Players

DnS - Winner!

  • Race: Protoss Protoss

iGMacSed (MacSed)

  • Race: Protoss Protoss

Event: WESG 2018 Grand Finals

VOD

Have the link to the VOD?

Description

Time

  • Played on: March 12, 2019, 6:23 a.m.
  • Length: 10:54

All games in this series

Show
View Real Time Build Order
Export as new Build Order

DnS Protoss - Winner!

Build Orders: Oracle Opening 

Get SALT Encoding   

  12  0:00  Probe  
  13  0:13  Probe  
  14  0:18  Pylon  
  14  0:24  Probe  
  15  0:32  Probe  
  15  0:38  Gateway  
  15  0:40  Probe  
  16  0:46  Assimilator  
  17  0:51  Probe  
  17  0:55  Assimilator  
  18  1:00  Probe  
  19  1:08  Probe  
  19  1:09  Gateway  
  19  1:18  Probe  
  21  1:27  Cybernetics Core  
  21  1:30  Probe  
  22  1:39  Pylon  
  22  1:43  Probe  
  23  2:03  Stargate  
  23  2:06  Adept  
  23  2:07  Adept  
  27  2:10  Warp Gate  
  27  2:14  Probe  
  28  2:22  Pylon  
  28  2:39  Stalker  
  28  2:40  Stalker, Oracle  
  34  3:02  Shield Battery  
  34  3:09  Oracle  
  37  3:38  Probe  
  37  3:39  Nexus  
  36  3:53  Twilight Council, Probe  
  32  4:04  Blink  
  32  4:05  Stalker, Probe  
  32  4:07  Stalker  
  34  4:16  Pylon  
  34  4:17  Probe  
  35  4:28  Stalker  
  37  4:36  Probe  
  38  4:44  Stalker  
  40  4:49  Probe  
  41  4:55  Probe  
  42  5:01  Probe  
  42  5:06  Stalker  
  45  5:08  Probe  
  45  5:11  Stalker  
  45  5:13  Probe  
  49  5:20  Probe  
  50  5:25  Probe  
  50  5:32  Probe  
  50  5:34  Robotics Facility  
  51  5:37  Stalker, Probe  
  51  5:42  Adept  
  56  5:44  Probe  
  56  5:49  Probe  
  58  5:51  Pylon  
  58  5:56  Probe  
  57  6:01  Probe  
  57  6:04  Forge  
  58  6:08  Protoss Ground Weapons Level 1, Probe  
  58  6:11  Assimilator, Charge  
  59  6:13  Pylon, Probe  
  58  6:21  Probe  
  59  6:26  Probe  
  59  6:28  Observer  
  61  6:33  Probe  
  61  6:38  Probe  
  61  6:45  Probe  
  61  6:46  Assimilator  
  62  6:50  Probe  
  63  6:57  Probe  
  63  6:58  Gateway  
  63  6:59  Gateway, Immortal  
  63  7:01  Gateway  
  68  7:08  Gateway  
  68  7:10  Sentry  
  70  7:20  Gateway x2  
  70  7:22  Pylon  
  70  7:29  Protoss Ground Weapons Level 2  
  70  7:35  Pylon  
  70  7:38  Immortal  
  74  7:45  Nexus  
  74  7:48  Pylon  
  74  7:59  Zealot x2  
  74  8:00  Zealot  
  80  8:15  Zealot  
  80  8:16  Zealot x3  
  88  8:20  Warp Prism  
  90  8:50  Pylon  
  90  8:55  Photon Cannon  
  90  8:59  Zealot x3  
  90  9:00  Zealot x3, Templar Archives  
  102  9:03  Zealot  
  102  9:06  Zealot  
  106  9:21  Pylon  
  106  9:24  Photon Cannon  
  106  9:36  High Templar x5  
  116  9:40  High Templar  
  116  9:41  High Templar x2, Archon  
  116  9:42  Archon  
  116  9:45  Pylon, Archon x2  
  122  9:46  Pylon  
  122  9:47  Pylon  
  119  10:11  Zealot x5  
  129  10:14  Zealot x3  
  89  10:32  Zealot x5  
  89  10:35  Zealot x2  
Show
View Real Time Build Order
Export as new Build Order

iGMacSed Protoss 

Build Orders: Phoenix Opening 

Get SALT Encoding   

  12  0:00  Probe  
  13  0:12  Probe  
  14  0:18  Pylon  
  14  0:24  Probe  
  15  0:32  Probe  
  15  0:37  Gateway  
  15  0:40  Probe  
  16  0:47  Assimilator  
  17  0:50  Probe  
  17  0:56  Assimilator  
  18  0:58  Probe  
  19  1:07  Probe  
  20  1:14  Gateway  
  20  1:17  Probe  
  21  1:27  Cybernetics Core  
  21  1:30  Probe  
  22  1:38  Pylon  
  22  1:42  Probe  
  23  1:56  Probe  
  24  2:03  Stalker, Warp Gate  
  24  2:04  Sentry  
  28  2:12  Pylon  
  28  2:20  Probe  
  29  2:38  Probe, Stargate  
  30  2:52  Stalker  
  30  2:57  Nexus  
  32  3:08  Shield Battery  
  32  3:09  Probe  
  33  3:15  Phoenix  
  32  3:23  Pylon  
  33  3:32  Probe  
  32  3:40  Phoenix  
  32  3:44  Probe  
  33  3:57  Probe  
  30  4:04  Phoenix  
  30  4:06  Probe  
  30  4:08  Probe  
  31  4:14  Probe  
  31  4:16  Probe  
  32  4:23  Probe  
  34  4:25  Probe  
  36  4:38  Probe  
  37  4:40  Phoenix  
  37  4:42  Probe  
  40  4:50  Probe  
  41  4:53  Pylon  
  41  4:58  Probe  
  42  5:01  Probe  
  42  5:06  Probe  
  43  5:09  Probe  
  45  5:14  Probe  
  45  5:16  Shield Battery  
  45  5:20  Robotics Facility  
  45  5:21  Probe  
  46  5:25  Probe  
  48  5:33  Probe  
  49  5:37  Probe  
  49  5:38  Forge  
  50  5:45  Probe  
  50  5:49  Probe, Assimilator  
  52  5:53  Assimilator  
  52  5:57  Probe  
  52  6:00  Protoss Ground Weapons Level 1  
  52  6:01  Probe  
  52  6:03  Pylon  
  54  6:09  Probe  
  55  6:13  Probe, Immortal  
  58  6:21  Probe  
  58  6:25  Probe  
  58  6:27  Adept x2  
  62  6:33  Probe  
  62  6:37  Probe  
  63  6:42  Twilight Council  
  63  6:45  Probe  
  63  6:46  Gateway  
  64  6:47  Gateway  
  64  6:49  Probe  
  65  6:58  Immortal  
  69  7:11  Gateway  
  69  7:16  Gateway x2  
  69  7:19  Gateway  
  69  7:21  Charge  
  69  7:26  Pylon  
  69  7:32  Zealot x2  
  73  7:37  Protoss Ground Weapons Level 2  
  73  7:40  Pylon  
  73  7:41  Pylon  
  73  7:43  Pylon  
  73  7:46  Immortal  
  73  7:50  Pylon  
  77  8:15  Zealot x5, Templar Archives  
  87  8:20  Zealot  
  82  8:42  Nexus  
  82  8:43  Zealot x2  
  86  8:49  Pylon  
  86  8:55  High Templar x5  
  94  8:59  High Templar  
  98  9:03  Probe x2  
  98  9:04  Archon x3  
  100  9:15  Probe  
  101  9:17  High Templar x2  
  101  9:23  Archon  
  105  9:28  Shield Battery  
  105  9:30  High Templar x2  
  109  9:32  Zealot  
  109  9:33  Zealot x3  
  109  9:34  Archon  
  117  9:41  Pylon  
  117  10:03  High Templar  
  117  10:04  High Templar, Zealot x5  
  117  10:05  Zealot  
  129  10:08  Archon  
  105  10:26  Zealot x5  
  89  10:34  Zealot  
Tags
 
Add a new tag
Caveats
  • Supply blocks, unpowered buildings, or Contaminate may cause inaccurate times.
  • Supply counts are checked every 10 seconds.